 Dungeon Crawl Stone Soup version 0.28.0-45-g0d030f2227 (webtiles) character file.

Game seed: 18033603868130338030

358 bobregger the Cudgeller (level 6, -2/47 HPs)
             Began as a Formicid Berserker on Apr 22, 2022.
             Was a Believer of Trog.
             Slain by Menkaure (13 damage)
             ... on level 4 of the Dungeon.
             The game lasted 00:03:25 (3690 turns).

bobregger the Cudgeller (Formicid Berserker)        Turns: 3690, Time: 00:03:26

Health: -2/47      AC: 10    Str: 23    XL:     6   Next: 97%
Magic:  6/6        EV:  6    Int:  7    God:    Trog [**....]
Gold:   118        SH:  0    Dex: 10    Spells: 5/5 levels left

rFire   . . .      SeeInvis +   f - +0 whip (venom)
rCold   . . .      Faith    .   (no shield)
rNeg    . . .      Spirit   .   h - +0 plate armour
rPois   .          Reflect  .   (helmet unavailable)
rElec   .          Harm     .   (no cloak)
rCorr   .          Rampage  .   (no gloves)
Will    ++...                   (no boots)
Stlth   ..........              (no amulet)
HPRegen 1.15/turn               (no ring)
MPRegen 0.10/turn               (no ring)

@: strong-willed, regenerating
A: permanent stasis, dig shafts and tunnels, antennae 3, four strong arms
a: Dig, Shaft Self, Renounce Religion, Trog's Hand


You were on level 4 of the Dungeon.
You worshipped Trog.
Trog was pleased with you.
You visited 1 branch of the dungeon, and saw 4 of its levels.

You collected 118 gold pieces.

Inventory:

Hand Weapons
 f - a +0 whip of venom (weapon)
Armour
 h - a +0 plate armour (worn)
Wands
 l - a wand of paralysis (2)
Scrolls
 a - a scroll of vulnerability {unknown}
 b - a scroll of enchant weapon {unknown}
 d - 4 scrolls of identify {unknown}
 e - a scroll of magic mapping {unknown}
 g - 2 scrolls of amnesia {unknown}
 k - a scroll of summoning {unknown}
Potions
 c - a potion of lignification {unknown}
 i - a potion of degeneration {unknown}
 j - a potion of flight {unknown}


   Skills:
 - Level 3.2 Fighting
 + Level 7.2 Maces & Flails
 - Level 2.1 Armour
 - Level 1.7 Dodging


You had 5 spell levels left.
You didn't know any spells.
Your spell library was empty.

Dungeon Overview and Level Annotations

Branches:
Dungeon (4/15)
 Temple: D:4-7

Altars:
Ashenzari
Dithmenos
Hepliaklqana
Sif Muna
Wu Jian

Annotations:
D:4 Menkaure


Innate Abilities, Weirdness & Mutations

You cannot be hasted, slowed, berserked, paralysed or teleported.
You can dig through walls and to a lower floor.
You have a pair of large antennae on your head. (SInv)
Your four strong arms can wield two-handed weapons with a shield.


Message History

Found a book of Spectacle.
Menkaure shouts!
Menkaure rustles a few words.
Menkaure is nearby!
Menkaure is nearby!
Menkaure is nearby!
Menkaure shrieks, "Why can't you leave me to my rest?"
Your skin crawls.
You feel strong-willed.
You hit Menkaure.
Menkaure is lightly damaged.
Menkaure points at you and mumbles some strange words.
You resist with almost no effort.
You hit Menkaure but do no damage.
Menkaure is lightly damaged.
You hit Menkaure but do no damage.
Menkaure is lightly damaged.
Menkaure calls on the powers of darkness!
Your body is wracked with pain!
You hit Menkaure but do no damage.
Menkaure is lightly damaged.
Menkaure calls on the powers of darkness!
Your body is wracked with pain!
* * * LOW HITPOINT WARNING * * *
You hit Menkaure.
Menkaure is heavily damaged.
You barely miss Menkaure.
Menkaure is heavily damaged.
Menkaure calls on the powers of darkness!
Your body is wracked with pain!
* * * LOW HITPOINT WARNING * * *
You hit Menkaure.
Menkaure is heavily damaged.
You hit Menkaure.
Menkaure is severely damaged.
Menkaure closely misses you.
You hit Menkaure.
Menkaure is severely damaged.
Menkaure hits you!
You die...

#<.##...###..#.....
#.####)##...####.#.....
#......##...#..........
#..##........<.......
#....#............ .##
.#.####.........#
...##. #
#..........##...:..
##........<.#......#
#...........@M.....#
##............##....
#...#..)....## .
##.###.....## ###
##..### ####


You could see Menkaure.

Vanquished Creatures
  A black bear (D:3)
  A hound (D:4)
  An iguana (D:3)
  Ijyb (D:4)
  2 orc wizards (D:3)
  3 gnolls (D:4)
  3 adders
  A worm (D:2)
  7 orcs
  7 ball pythons
  4 endoplasms
  13 goblins
  8 hobgoblins
  5 jackals
  4 kobolds
  A quokka (D:2)
  5 bats
  4 frilled lizards
  2 rats
73 creatures vanquished.

Vanquished Creatures (others)
  3 fungi (D:2)
  4 plants (D:2)
7 creatures vanquished.

Grand Total: 80 creatures vanquished

Notes
Turn   | Place    | Note
-------+----------+-------------------------------------------
     0 | D:1      | bobregger the Formicid Berserker began the quest for the
                  | Orb.
     0 | D:1      | Reached XP level 1. HP: 18/18 MP: 1/1
   162 | D:1      | Reached XP level 2. HP: 23/24 MP: 2/2
   650 | D:1      | Reached skill level 4 in Maces & Flails
   650 | D:1      | Reached XP level 3. HP: 10/29 MP: 3/3
  1424 | D:2      | Reached ** piety under Trog
  1522 | D:2      | Found a faded altar of an unknown god.
  1604 | D:2      | Reached XP level 4. HP: 26/35 MP: 4/4
  2139 | D:3      | Found a broken altar of Ashenzari.
  2139 | D:3      | Found an ornate altar of the Wu Jian Council.
  2157 | D:3      | Reached skill level 5 in Maces & Flails
  2278 | D:3      | Reached XP level 5. HP: 19/41 MP: 5/5
  2594 | D:3      | Found a faded altar of an unknown god.
  2594 | D:3      | Found a hazy altar of Hepliaklqana.
  2602 | D:3      | Found a shadowy altar of Dithmenos.
  2606 | D:3      | Found a faded altar of an unknown god.
  2608 | D:3      | Found a shimmering blue altar of Sif Muna.
  2950 | D:4      | Noticed a black bear
  2970 | D:3      | Reached skill level 6 in Maces & Flails
  3241 | D:3      | Killed a black bear
  3242 | D:3      | Reached XP level 6. HP: 26/47 MP: 6/6
  3474 | D:4      | Reached skill level 7 in Maces & Flails
  3534 | D:4      | Reached *** piety under Trog
  3650 | D:4      | Noticed Ijyb
  3672 | D:4      | Killed Ijyb
  3678 | D:4      | Noticed Menkaure
  3690 | D:4      | Slain by Menkaure

Illustrated notes

Levels and vault maps discovered:
D:1:      dpeg_arrival_rhombus, layout_basic
D:2:      layout_basic, shapermc_ecumenical_altar_mp_ritualfount, minivault_27,
          lemuel_another_geyser
D:3:      layout_basic, chequers_temple_overflow_minitemple,
          chequers_temple_overflow_statue_of_worship, minmay_misc_feat_plants
D:4:      layout_cave_pools, minmay_temple_entry_mist, uniq_ijyb,
          uniq_eustachio, uniq_menkaure, uniq_crazy_yiuf_cottage, uniq_sigmund

Skill      XL: |  1  2  3  4  5  6 |
---------------+-------------------+-----
Maces & Flails | 4 5 6 7 |  7.2
Fighting       | |  3.2
Armour         | |  2.1
Dodging        | |  1.7

Action                   |  1- 3 |  4- 6 || total
-------------------------+-------+-------++-------
Melee: Mace              |    29 |       ||    29
       Whip              |    91 |   168 ||   259
       Punch             |       |     1 ||     1
Invok: Trog's Hand       |       |     1 ||     1
Armor: Animal skin       |    14 |       ||    14
       Ring mail         |    21 |       ||    21
       Plate armour      |       |   136 ||   136
Dodge: Dodged            |    66 |    54 ||   120
